 Dungeon Crawl Stone Soup version 0.24.0-125-gc4c63601f3 (webtiles) character file.

Game seed: 3701695192263028762, levelgen mode: deterministic

93 Descartes the Insei (level 4, -6/29 HPs)
             Began as an Octopode Transmuter on Mar 3, 2020.
             Mangled by an ogre
             ... wielding a +0 giant spiked club
              (17 damage)
             ... on level 3 of the Dungeon.
             The game lasted 00:02:58 (2669 turns).

Descartes the Insei (Octopode Transmuter)           Turns: 2669, Time: 00:02:59

Health: -6/29      AC:  3    Str:  9    XL:     4   Next: 62%
Magic:  7/7        EV: 13    Int: 16    God:
Gold:   96         SH:  0    Dex: 12    Spells: 4/7 levels left

rFire    . . .     SeeInvis .     - Unarmed
rCold    . . .     Gourm    .   (no shield)
rNeg     . . .     Faith    .   (helmet restricted)
rPois    .         Spirit   .   (no amulet)
rElec    .         Reflect  .   g - +2 ring of protection
rCorr    .         Harm     .   (no ring)
MR       .....                  (no ring)
Stlth    +++.......             (no ring)
HPRegen  0.09/turn              (no ring)
MPRegen  0.10/turn              (no ring)
                                (no ring)
                                (no ring)

@: no status effects
A: almost no armour, stealthy swim, amphibious, 8 rings, constrict 8, camouflage
1, gelatinous body 1
a: no special abilities


You were on level 3 of the Dungeon.
You were not hungry.

You visited 1 branch of the dungeon, and saw 3 of its levels.

You collected 96 gold pieces.

Inventory:

Missiles
 a - 33 arrows
 i - 83 stones (quivered)
Jewellery
 g - a +2 ring of protection (left tentacle)
Scrolls
 d - 4 scrolls of remove curse {unknown}
 h - a scroll of enchant armour {unknown}
 j - a scroll of teleportation {unknown}
 k - 4 scrolls of identify {unknown}
Potions
 b - a potion of resistance {unknown}
 e - a potion of might {unknown}
 f - a potion of flight {unknown}
 l - 4 potions of curing {unknown}
 m - a potion of degeneration {unknown}
 n - a potion of heal wounds {unknown}
Comestibles
 c - 4 rations


   Skills:
 + Level 1.7 Fighting
 + Level 2.4 Dodging
 + Level 1.8 Stealth
 * Level 3.8 Unarmed Combat
 + Level 2.4 Spellcasting
 + Level 2.5 Transmutations


You had 4 spell levels left.
You knew the following spells:

 Your Spells              Type           Power        Failure   Level  Hunger
a - Beastly Appendage     Tmut           ##....       7%          1    #......
b - Sticks to Snakes      Tmut           ##......     11%         2    ###....

Your spell library contained the following spells:

 Spells                   Type           Power        Failure   Level  Hunger
 Spider Form              Tmut/Pois      #.........   34%         3    ###....
 Ice Form                 Ice/Tmut       #.......     75%         4    #####..
 Blade Hands              Tmut           ##........   89%         5    ######.


Dungeon Overview and Level Annotations

Branches:
Dungeon (3/15)

Altars:
Qazlal
Xom
The Shining One


Innate Abilities, Weirdness & Mutations

You cannot wear most types of armour.
You are very stealthy in the water. (Stealth+)
You are amphibious.
You can wear up to eight rings at the same time.
You can use your tentacles to constrict eight enemies at once.
Your skin changes colour to match your surroundings (Stealth+).
Your rubbery body absorbs attacks. (AC +1, EV +1)


Message History

The ogre is severely wounded.
The ogre closely misses you.
You tentacle-slap the ogre.
The ogre is severely wounded.
You tentacle-slap the ogre.
The ogre is almost dead.
The ogre barely misses you.
You barely miss the ogre.
The ogre is almost dead.
The hobgoblin closely misses you.
The ogre hits you with a +0 giant spiked club!!
Ouch! That really hurt!
You tentacle-slap the ogre. Your squeeze misses the ogre.
The ogre is almost dead.
The hobgoblin barely misses you.
You tentacle-slap the ogre.
The ogre is almost dead.
The ogre hits you with a +0 giant spiked club!
Ouch! That really hurt!
You die...

.. ##<#.#.###.# .
#.##.........)####
#.
#.#...#.#.........
##.$
#.#..##.#########.
...# #.......# .
#..##.##.#### .
####........!### .
.........)$......
. ####$O@....$##.#
# .......g...#.# #
..(....##.##.#
..$.... #.# .#
.....!. #.# .#
.....#. #.#
#...... .# #######


You could see an ogre and a hobgoblin.

Vanquished Creatures
  4 adders
  3 worms
  4 dart slugs
  2 leopard geckos (D:1)
  A ball python (D:1)
  4 bats
  3 giant cockroaches
  6 goblins
  A hobgoblin (D:1)
  2 jackals (D:2)
  2 frilled lizards (D:1)
  4 kobolds
  6 rats
42 creatures vanquished.

Notes
Turn   | Place    | Note
-------+----------+-------------------------------------------
     0 | D:1      | Descartes the Octopode Transmuter began the quest for the
                  | Orb.
     0 | D:1      | Reached XP level 1. HP: 13/13 MP: 3/3
   108 | D:1      | Reached XP level 2. HP: 11/18 MP: 5/5
   516 | D:1      | Reached skill level 1 in Stealth
   653 | D:1      | Reached XP level 3. HP: 20/23 MP: 6/6
  1271 | D:2      | Reached XP level 4. HP: 15/28 MP: 7/7
  1702 | D:2      | Found a stormy altar of Qazlal.
  1954 | D:2      | Found a shimmering altar of Xom.
  1955 | D:2      | Found a glowing golden altar of the Shining One.
  2273 | D:3      | Learned a level 2 spell: Sticks to Snakes
  2342 | D:3      | HP: 1/29 [poisoned by an adder]
  2657 | D:3      | Noticed an ogre
  2669 | D:3      | Mangled by an ogre

Levels and vault maps discovered:
D:1:      eino_arrival_cavern_a, layout_loops_ring
D:2:      layout_basic, gammafunk_temple_overflow_statue, serial_glass,
          glass_columns_a, glass_columns_b, grunt_qazlal_sundering
D:3:      layout_basic, lemuel_coloured_pillars_altar, minmay_misc_feat_rows,
          grunt_ministairs_14, minmay_rat_hole

Skill      XL: |  1  2 |
---------------+-------+-----
Stealth        | 1 |  1.8
Fighting       | |  1.7
Dodging        | |  2.4
Unarmed Combat | |  3.8
Spellcasting   | |  2.4
Transmutations | |  2.5

Action                   |  1- 3 |  4- 6 || total
-------------------------+-------+-------++-------
Melee: Unarmed           |    65 |    36 ||   101
       Constrict         |    17 |     8 ||    25
       Tentacles         |     9 |     4 ||    13
       Punch             |       |     1 ||     1
 Stab: Sleeping          |     8 |     5 ||    13
  Eat: Chunk             |     1 |     1 ||     2
       Ration            |       |     1 ||     1
Armor: Skin              |     2 |     2 ||     4
Dodge: Dodged            |    36 |    11 ||    47
